 Dungeon Crawl Stone Soup version 0.16-a0-754-gbafcc93 (webtiles) character file.

638 ryw the Shield-Bearer (level 7, -12/54 HPs)
             Began as a Human Fighter on Sept 24, 2014.
             Mangled by an ogre
             ... wielding a +0 giant club
              (21 damage)
             ... on Level 5 of the Dungeon.
             The game lasted 00:14:39 (5026 turns).

ryw the Shield-Bearer (Human Fighter)               Turns: 5026, Time: 00:14:39

HP -12/54        AC 14     Str 18      XL: 7   Next: 80%
MP   7/7         EV  3     Int  8      God:
Gold 177         SH 10     Dex 13      Spells:  0 memorised,  6 levels left

rFire  . . .     SeeInvis .     a - +2 falchion (holy)
rCold  . . .     Clarity  .     n - +0 plate armour
rNeg   . . .     rCorr    +     c - +0 shield
rPois  .         rRot     .     C - +0 helmet (curse)
rElec  .         Spirit   .     (no cloak)
SustAb .         Warding  .     t - +0 pair of gloves
rMut   .         Stasis   .     (no boots)
Gourm  .                        p - cursed amulet of resist corrosion
MR     .....                    (no ring)
                                (no ring)

@: not resistant to hostile enchantments, extremely unstealthy
A: no striking features
a: no special abilities


You were on level 5 of the Dungeon.
You were not hungry.

You visited 1 branch of the dungeon, and saw 5 of its levels.

You collected 177 gold pieces.

Inventory:

Hand weapons
 a - a +2 falchion of holy wrath (weapon)
 L - a +0 short sword of holy wrath
Missiles
 g - 19 stones
 G - 4 javelins (quivered)
Armour
 c - a +0 shield (worn)
 n - a +0 plate armour (worn)
 t - a +0 pair of gloves (worn)
 C - a cursed +0 helmet (worn)
Magical devices
 F - a wand of slowing (9)
 M - a wand of teleportation (4) {unknown}
 N - a wand of teleportation (3) {unknown}
 S - a wand of fire (7) {unknown}
Comestibles
 d - 3 bread rations
 f - 3 beef jerkies
 o - a slice of pizza
 r - 4 meat rations
 s - 5 fruits
 Q - a rotting chunk of ball python flesh
 R - 2 rotting chunks of giant frog flesh
Scrolls
 h - 4 scrolls of identify
 w - a scroll of enchant armour {unknown}
 x - a scroll of amnesia {unknown}
 y - 2 scrolls of fog {unknown}
 D - a scroll of noise {unknown}
 E - 3 scrolls of remove curse
 H - a scroll of recharging {unknown}
 I - a scroll of random uselessness {unknown}
 J - 2 scrolls of teleportation {unknown}
Jewellery
 j - an uncursed ring of protection from magic {unknown}
 p - a cursed amulet of resist corrosion (around neck)
 z - an uncursed ring of sustain abilities {unknown}
Potions
 b - a potion of cure mutation {unknown}
 e - a potion of might
 i - 4 potions of curing {unknown}
 k - 2 potions of degeneration {unknown}
 l - 2 potions of invisibility {unknown}
 m - a potion of lignification {unknown}
 q - a potion of flight {unknown}
 u - a potion of brilliance {unknown}
 v - a potion of agility
 B - 2 potions of haste
 K - a potion of berserk rage {unknown}
Books
 A - a book of Power

   Spells                             Type                      Level
   Fulminant Prism                    Conjuration/Hexes            4
   Iskenderun's Mystic Blast          Conjuration                  4
   Venom Bolt                         Conjuration/Poison           5
   Bolt of Magma                      Conjuration/Fire/Earth       5
   Iron Shot                          Conjuration/Earth            6
   Orb of Destruction                 Conjuration                  7


   Skills:
 + Level 4.0 Fighting
 + Level 4.0 Long Blades
 + Level 4.8 Armour
 + Level 2.5 Dodging
 + Level 0.2 Stealth
 + Level 5.2 Shields


You had 6 spell levels left.
You didn't know any spells.

Dungeon Overview and Level Annotations

Branches:
Dungeon (5/15)
 Temple: D:4-7

Altars:
Cheibriados
Kikubaaqudgha
Nemelex Xobeh
Qazlal
Trog

Annotations:
D:5 Menkaure


Message History

The ogre is moderately wounded.
You slash the ogre!
The ogre is heavily wounded.
The ogre hits you with a giant club!
Your shield and plate armour prevent you from hitting the ogre.
The ogre is heavily wounded.
The ogre hits you with a giant club!
You hit the ogre.
The ogre is heavily wounded.
You hit the ogre.
The ogre is severely wounded.
The ogre hits you with a giant club.
You hit the ogre.
The ogre is almost dead.
The ogre hits you with a giant club!!
* * * LOW HITPOINT WARNING * * *
You hit the ogre but do no damage.
The ogre is almost dead.
The ogre hits you with a giant club!!
You die...

.#.# ##.## ##..# ##.## #..#
##.# ####.####
........#..################
........#(...(.O@.........#
........##.############.###
........##.#### #.#
####........... #.#
#.#.###.#### #.# #.#)###.#
#.# #.......# #.#
#.......##### #.#
#............. #.#


You could see an ogre.

Vanquished Creatures
  An ogre (D:5)
  Blork the orc (D:5)
  A giant frog (D:5)
  2 hounds (D:5)
  An iguana (D:5)
  Natasha (thrice) (D:4)
  A worker ant (D:4)
  A hound zombie (D:5)
  Terence (D:2)
  A mummy (D:5)
  3 gnolls (D:3)
  8 adders
  A shadow imp (D:5)
  An inept item mimic (D:2)
  2 worms
  14 orcs
  A bat skeleton (D:5)
  2 giant cockroaches
  5 hobgoblins
  19 jackals
  2 ball pythons
  7 bats
  5 giant geckos
  3 giant newts
  16 goblins
  A jackal zombie (D:5)
  10 kobolds
  2 orc zombies (D:5)
  3 quokkas
  A quokka skeleton (D:4)
  5 rats
  A rat skeleton (D:5)
125 creatures vanquished.

Notes
Turn   | Place    | Note
--------------------------------------------------------------
     0 | D:1      | ryw, the Human Fighter, began the quest for the Orb.
     0 | D:1      | Reached XP level 1. HP: 18/18 MP: 1/1
   120 | D:1      | Reached XP level 2. HP: 22/24 MP: 2/2
   404 | D:1      | Reached XP level 3. HP: 29/29 MP: 3/3
   484 | D:2      | Found a stormy altar of Qazlal.
   506 | D:2      | Reached skill level 1 in Dodging
   972 | D:2      | Reached XP level 4. HP: 31/35 MP: 4/4
  1031 | D:2      | Noticed Terence
  1071 | D:2      | Killed Terence
  1709 | D:3      | Reached XP level 5. HP: 38/41 MP: 5/5
  2293 | D:3      | Reached skill level 4 in Armour
  2523 | D:3      | Reached XP level 6. HP: 47/47 MP: 6/6
  2527 | D:3      | Found a bloodstained altar of Trog.
  3176 | D:4      | Noticed Natasha
  3190 | D:4      | Killed Natasha
  3314 | D:4      | Found a sparkling altar of Nemelex Xobeh.
  3468 | D:4      | Found a snail-covered altar of Cheibriados.
  3519 | D:4      | Noticed Natasha
  3527 | D:4      | Killed Natasha
  3534 | D:4      | Noticed Natasha
  3534 | D:4      | Killed Natasha
  3578 | D:5      | Entered Level 5 of the Dungeon
  3578 | D:5      | Noticed Blork the orc
  3589 | D:5      | Killed Blork the orc
  3750 | D:5      | Reached XP level 7. HP: 46/53 MP: 7/7
  3792 | D:5      | Noticed Menkaure
  4492 | D:5      | Found an ancient bone altar of Kikubaaqudgha.
  4516 | D:5      | Reached skill level 5 in Shields
  5026 | D:5      | Mangled by an ogre

Action                   |  1- 3 |  4- 6 |  7- 9 || total
-------------------------+-------+-------+-------++-------
Melee: Long sword        |    84 |    15 |       ||    99
       Falchion          |       |   330 |    97 ||   427
Throw: Stone             |       |     5 |       ||     5
       Javelin           |       |     1 |     7 ||     8
  Use: Scroll            |       |     2 |       ||     2
  Eat: Chunk             |       |    10 |     4 ||    14
